 Dungeon Crawl Stone Soup version 0.23-a0-703-gdf2d5e0 (webtiles) character file.

258994 russianmonk1111 the Phalangite (level 19, 0/166 HPs)
             Began as a Merfolk Ice Elementalist on Jan 12, 2019.
             Was the Champion of Ashenzari.
             Slain by a deep elf knight
             ... wielding a +0 short sword
              (4 damage)
             ... on level 1 of the Elven Halls on Jan 13, 2019.
             The game lasted 04:58:43 (58961 turns).

russianmonk1111 the Phalangite (MfIE)              Turns: 58961, Time: 04:58:44

Health: 0/166      AC: 33    Str: 10    XL:     19   Next: 88%
Magic:  19/33      EV: 13    Int: 25    God:    Ashenzari [******]
Gold:   2628       SH:  0    Dex: 14    Spells: 19/38 levels left

rFire    + + +     SeeInvis +   a - +12 bardiche of the Middle {chop, rF+ Int+2 Dex-2} (curse)
rCold    + . .     Gourm    .   (shield currently unavailable)
rNeg     . . .     Faith    .   O - +8 fire dragon scales (curse)
rPois    +         Spirit   .   N - +1 helmet {SInv}
rElec    .         Reflect  .   Y - scarf {rC+ rF+} (curse)
rCorr    .         Harm     .   I - +0 pair of gloves of Wyillal {rF- rC+ MR+ Int+4 SInv} (curse)
MR       ++...     Clarity  +   y - +2 pair of boots (curse)
Stlth    ..........             i - amulet of regeneration (curse)
HPRegen  0.77/turn              b - ring of poison resistance
MPRegen  0.23/turn              x - +6 ring of protection (curse)

@: heavily drained
A: change form in water, swift swim, stealthy swim
}: 2/15 runes: serpentine, barnacled
a: Curse Item, Scrying, Transfer Knowledge, Renounce Religion


You were on level 1 of the Elven Halls.
You worshipped Ashenzari.
Ashenzari was exalted by your worship.
You were very hungry.

You visited 6 branches of the dungeon, and saw 32 of its levels.
You also visited: Bailey and Ice Cave.

You collected 3368 gold pieces.
You spent 740 gold pieces at shops.

Inventory:

Hand Weapons
 a - the cursed +12 bardiche of the Middle (weapon) {chop, rF+ Int+2 Dex-2}
   (You acquired it on level 15 of the Dungeon)

   It inflicts extra damage upon your enemies.
   It affects your intelligence (+2).
   It affects your dexterity (-2).
   It protects you from fire.
   It has a curse placed upon it.
Missiles
 o - 5 throwing nets (quivered) {!f}
Armour
 y - a cursed +2 pair of boots (worn)
 I - the cursed +0 pair of gloves of Wyillal (worn) {rF- rC+ MR+ Int+4 SInv}
   (You took it off Nikola on level 1 of the Shoals)

   It affects your intelligence (+4).
   It makes you vulnerable to fire.
   It protects you from cold.
   It affects your resistance to hostile enchantments.
   It lets you see invisible.
   It has a curse placed upon it.
 N - a +1 helmet of see invisible (worn)
 O - cursed +8 fire dragon scales (worn)
 U - a +2 robe of the Archmagi
 Y - a cursed scarf of resistance (worn)
Jewellery
 b - a ring of poison resistance (left hand)
 i - a cursed amulet of regeneration (around neck)
 u - an uncursed ring of magical power
 x - a cursed +6 ring of protection (right hand)
 z - an uncursed ring of resist corrosion
 K - an uncursed ring of protection from fire
 P - an uncursed ring of protection from cold
Wands
 f - a wand of polymorph (23)
 B - a wand of iceblast (24)
 C - a wand of acid (19)
 F - a wand of flame (90)
 L - a wand of disintegration (13)
 T - a wand of enslavement (9)
Scrolls
 m - a scroll of summoning
 n - 3 scrolls of blinking
 p - 2 scrolls of fog
 r - 17 scrolls of identify {@r1}
 s - 8 scrolls of remove curse {@r2}
 t - 10 scrolls of teleportation {@r4}
 A - 3 scrolls of magic mapping
 D - 2 scrolls of fear
 Q - 6 scrolls of immolation {!r}
 R - 2 scrolls of amnesia
 V - 5 scrolls of silence
Potions
 c - a potion of curing {@q1}
 e - 4 potions of agility
 g - 9 potions of lignification {!q}
 h - 3 potions of cancellation
 j - 2 potions of haste {@q3}
 k - 4 potions of flight
 l - a potion of ambrosia
 q - 6 potions of might
 w - a potion of invisibility
 E - 2 potions of magic
 G - 7 potions of brilliance
 S - a potion of heal wounds {@q2}
 W - 3 potions of resistance
Miscellaneous
 v - a box of beasts
 H - a phantom mirror
 X - a lightning rod (4/4)
Comestibles
 d - 63 rations {!d}


   Skills:
 * Level 19.1(17.3) Fighting
 - Level 21.4(24.0) Polearms
 + Level 10.7(11.9) Armour
 * Level 10.9(12.1) Dodging
 - Level 10.0(8.5) Spellcasting
 - Level 4.5(6.0) Conjurations
 - Level 7.2(8.8) Summonings
 - Level 3.0(4.3) Translocations
 + Level 13.1(14.1) Ice Magic
 - Level 4.1(5.6) Air Magic


You had 19 spell levels left.
You knew the following spells:

 Your Spells              Type           Power        Failure   Level  Hunger
a - Freeze                Ice            ####         1%          1    None
b - Throw Frost           Conj/Ice       ######       1%          2    None
d - Summon Ice Beast      Ice/Summ       ######..     3%          4    ##.....
e - Throw Icicle          Conj/Ice       ######..     5%          4    ##.....
f - Ensorcelled Hibernat  Hex/Ice        #####.       2%          2    None
h - Blink                 Tloc           N/A          9%          2    None
s - Summon Lightning Spi  Summ/Air       #####...     16%         4    ##.....

Your spell library contained the following spells:

 Spells                   Type           Power        Failure   Level  Hunger
 Summon Butterflies       Summ           ######..     1%          1    None
 Summon Small Mammal      Summ           ####         1%          1    None
 Magic Dart               Conj           ####         2%          1    None
 Shock                    Conj/Air       ####         3%          1    None
 Searing Ray              Conj           #####.       4%          2    None
 Apportation              Tloc           ####..       5%          1    None
 Ozocubu's Armour         Chrm/Ice       #####...     5%          3    None
 Static Discharge         Conj/Air       #####...     9%          3    None
 Swiftness                Chrm/Air       ###.....     16%         2    None
 Gell's Gravitas          Tloc           ####......   17%         3    None
 Lesser Beckoning         Tloc           ####......   17%         3    None
 Teleport Other           Tloc           ####....     17%         3    None
 Ice Form                 Ice/Tmut       #####...     19%         4    ##.....
 Shroud of Golubria       Chrm/Tloc      ###.......   21%         2    None
 Iskenderun's Mystic Bla  Conj           #####...     26%         4    ##.....
 Dazzling Spray           Conj/Hex       ####..       28%         3    None
 Stone Arrow              Conj/Erth      ####..       28%         3    None
 Animate Skeleton         Necr           N/A          32%         1    None
 Beastly Appendage        Tmut           ##....       32%         1    None
 Confusing Touch          Hex            ##....       32%         1    None
 Corona                   Hex            ##.....      32%         1    None
 Pain                     Necr           ##..         32%         1    None
 Sandblast                Erth           ##....       32%         1    None
 Airstrike                Air            #####.....   32%         4    ##.....
 Force Lance              Conj/Tloc      #####...     36%         4    ##.....
 Passwall                 Tmut/Erth      ##......     45%         2    None
 Sticks to Snakes         Tmut           ##......     45%         2    None
 Passage of Golubria      Tloc           N/A          50%         4    ##.....
 Lightning Bolt           Conj/Air       #####.....   63%         5    ####...
 Fulminant Prism          Conj/Hex       ####......   67%         4    ##.....
 Confuse                  Hex            ##......     69%         3    None
 Regeneration             Chrm/Necr      ##........   69%         3    None
 Spider Form              Tmut/Pois      ##........   69%         3    None
 Tukima's Dance           Hex            ##......     69%         3    None
 Vampiric Draining        Necr           ##........   69%         3    None
 Silence                  Hex/Air        ###.......   96%         5    ####...
 Animate Dead             Necr           N/A          97%         4    ##.....
 Petrify                  Tmut/Erth      ##......     97%         4    ##.....
 Conjure Ball Lightning   Conj/Air       #####.....   99%         6    ######.
 Alistair's Intoxication  Tmut/Pois      ##......     100%        5    ####...
 Blade Hands              Tmut           ##........   100%        5    ####...
 Lee's Rapid Deconstruct  Erth           ##........   100%        5    ####...
 Deflect Missiles         Chrm/Air       ###.......   100%        6    ######.
 Invisibility             Hex            ##......     100%        6    ######.
 Ignition                 Fire           ##........   100%        8    #######
 Shatter                  Erth           ##........   100%        9    #######
 Tornado                  Air            #####.....   100%        9    #######


Dungeon Overview and Level Annotations

Branches:
Dungeon (15/15)            Temple (0/1) D:4            Lair (6/6) D:10
 Shoals (4/4) Lair:4        Snake (4/4) Lair:3        Slime (0/5) Lair:6
    Orc (2/2) D:10            Elf (1/3) Orc:2        Vaults (0/5) D:14
 Depths (0/5) D:15

Altars:
Ashenzari
Dithmenos
Makhleb
Okawaru
Qazlal
Ru
Vehumet
The Shining One
Beogh

Shops:
D:5 [?(   D:6 !   Orc:2 [([?   Shoals:2 *   Snake:1 [}*   Snake:2 [

Annotations:
Shoals:3 1 runed door
Snake:2 2 transporters, andersonhn's ghost, journeyman DsBe


Message History

You slash the deep elf archer!
Your ice beast disappears in a puff of smoke!
The deep elf archer gestures at you while chanting.
You resist with almost no effort.
You slice the deep elf archer!!
You kill the deep elf archer!
The deep elf knight points at you and mumbles some strange words.
The shard of ice hits you! You partially resist.
* * * LOW HITPOINT WARNING * * *
Casting: Summon Lightning Spire (slightly dangerous; 16% risk of failure)
Aiming: Summon Lightning Spire (slightly dangerous; 16% risk of failure)
An electric hum fills the air.
Casting: Summon Lightning Spire (slightly dangerous; 16% risk of failure)
A chill wind blows around you.
The deep elf knight casts a spell at you.
The shard of ice hits you! You partially resist.
* * * LOW HITPOINT WARNING * * *
A deep elf knight comes into view. It is wielding a +0 short sword.
The deep elf knight hits you with a +0 short sword.
You die...

,, , , ,,, ,,* ** * * ,
,#.... ** ** , #.....* *
, ,* , ,#$.⌠..# , , ** ,,
#.....# * . *** , ,,,
##.....## ###., , ,*
########'########.e. , *
,,.....#.....#Y.....#*,,
, *, ,,
.....#....)#@8...# * , **
, , ..⌠..'$...))(e⌠.(## ,
* ,* *
,,.....#)(<..#).....#.#.,
' * *
.....#)()..#.....(...# *
,,
########e########....#,
,,,* , , ,,##..)./##, ,
#.##, , * ,* ,#.....# ,
,,,, .. , , **,* #..⌠..#
, * *# ,, ** ,* #.....#
*** *, ,


You could see a deep elf archer, 2 deep elf knights, a friendly ice beast and a
friendly lightning spire.

Vanquished Creatures
  Nikola (Shoals:1)
  2 krakens
  Polyphemus (Shoals:3)
  7 nagarajas (Snake:4)
  Ilsuiw (Shoals:2)
  2 orc warlords
  2 very ugly things (IceCv)
  A stone giant (D:10)
  6 merfolk javelineers
  Josephine (D:15)
  8 merfolk impalers
  A yaktaur captain (D:15)
  3 hydras
  11 naga warriors
  2 centaur warriors
  2 merfolk aquamancers
  3 merfolk avatars
  2 catoblepae
  5 two-headed ogres
  3 alligator snapping turtles
  3 ogre magi
  A tengu warrior (D:15)
  7 anacondas
  5 satyrs
  2 death yaks (Shoals:4)
  An orc high priest (Orc:1)
  7 shock serpents
  13 naga sharpshooters
  2 deep elf knights (Elf:1)
  Nergalle (Orc:1)
  7 salamander mystics
  2 skeletal warriors (D:15)
  6 unseen horrors
  A deep elf archer (Elf:1)
  12 sea snakes
  2 lindwurms
  9 naga ritualists
  8 deep elf magi
  16 mana vipers
  14 harpies
  3 orc knights
  A wolf spider (D:15)
  6 ugly things
  6 manticores
  2 orc sorcerers (Orc:1)
  5 cyclopes
  11 salamanders
  9 fauns
  6 merfolk sirens
  6 guardian serpents
  7 ice statues
  17 naga magi
  Maurice (D:12)
  2 orange demons (D:15)
  35 black mambas
  3 torpor snails (Lair:6)
  6 spiny frogs
  2 water nymphs
  3 gargoyles
  2 centaur skeletons
  A redback zombie (D:15)
  A kobold demonologist (D:14)
  2 rime drakes
  6 yaktaurs (D:15)
  A golden dragon simulacrum (IceCv)
  4 komodo dragons
  A tengu conjurer (D:15)
  5 wind drakes
  3 trolls
  24 merfolk
  2 polar bears
  3 tyrant leeches (Lair:6)
  8 blink frogs
  6 hornets
  6 hippogriffs
  7 dream sheep
  11 snapping turtles
  A redback (Lair:6)
  10 water elementals
  4 wraiths
  2 shadows
  A dire elephant simulacrum (IceCv)
  10 yaks
  Sigmund (D:6)
  4 wyverns
  3 basilisks
  A human (shapeshifter) (D:15)
  2 harpy simulacra (IceCv)
  5 vampire mosquitoes
  31 nagas
  2 hydra simulacra (IceCv)
  2 iron troll simulacra (IceCv)
  2 wargs
  12 water moccasins
  Duvessa (D:5)
  A hornet zombie (D:15)
  37 orc warriors
  11 porcupines
  10 ice beasts
  2 necrophages
  An ettin simulacrum (IceCv)
  2 phantoms
  11 wolves (Lair:3)
  11 ogres
  7 crocodiles
  5 centaurs
  4 big kobolds (D:14)
  13 bullfrogs
  An earth elemental (Elf:1)
  Dowan (D:5)
  A hornet simulacrum (D:15)
  7 scorpions
  5 killer bees
  3 wights
  An electric eel (Snake:1)
  5 crimson imps
  3 howler monkeys
  4 centaur zombies
  A jelly (D:15)
  A quasit (D:7)
  A bullfrog zombie (D:5)
  5 hounds
  A bullfrog skeleton (D:8)
  10 orc priests
  16 orc wizards
  3 iguanas
  4 worker ants
  A hound zombie (D:8)
  3 hound skeletons
  3 worker ant zombies
  8 gnolls
  14 adders
  2 shadow imps
  4 oozes
  6 worms
  3 adder skeletons
  3 dart slugs (D:1)
  7 leopard geckos
  92 orcs
  5 bats
  5 giant cockroaches
  22 goblins
  14 hobgoblins
  20 jackals
  5 quokkas
  6 frilled lizards
  17 kobolds
  A leopard gecko skeleton (D:4)
  A quokka zombie (D:6)
  27 rats
  2 tentacles (Shoals:2)
960 creatures vanquished.

Vanquished Creatures (collateral kills)
  2 nagarajas (Snake:4)
  An ironheart preserver (D:14)
  An ettin (Orc:1)
  4 merfolk impalers
  3 naga warriors
  7 hydras
  A merfolk avatar (Shoals:4)
  5 two-headed ogres
  3 anacondas (Snake:4)
  4 centaur warriors
  An ogre mage (D:11)
  2 alligator snapping turtles
  4 merfolk aquamancers (Shoals:4)
  A satyr (Shoals:4)
  A tengu warrior (D:15)
  A shock serpent (Snake:4)
  A deep elf knight (D:11)
  A skeletal warrior (D:14)
  3 salamander mystics
  A sea snake (Shoals:4)
  An orc knight (Orc:2)
  5 lindwurms
  8 harpies
  A mana viper (Snake:2)
  A wolf spider (Lair:6)
  2 deep elf magi (Elf:1)
  An oklob plant (Lair:3)
  4 manticores
  An orc sorcerer (Orc:1)
  2 ugly things
  A faun (Shoals:3)
  2 salamanders (Snake:1)
  A cyclops (Shoals:1)
  9 black mambas
  A water nymph (Shoals:4)
  2 naga magi
  A guardian serpent (Lair:6)
  3 merfolk sirens
  4 torpor snails
  An orange demon (D:15)
  3 spiny frogs
  A rime drake (Lair:2)
  5 komodo dragons
  A tengu conjurer (D:15)
  3 meliai (D:14)
  4 merfolk
  2 trolls
  5 hornets
  14 blink frogs
  7 dream sheep
  A snapping turtle (Shoals:4)
  A hippogriff (D:9)
  An air elemental (Elf:1)
  2 redbacks (Lair:6)
  2 wraiths
  20 yaks
  2 wyverns (Lair:6)
  2 water elementals (Shoals:1)
  5 basilisks
  A vampire mosquito (D:13)
  A redback simulacrum (D:11)
  A warg (D:10)
  4 nagas
  An acid dragon (D:12)
  2 porcupines
  12 water moccasins
  24 orc warriors
  2 ogres
  16 wolves (Lair:3)
  4 centaurs
  5 crocodiles
  5 bullfrogs
  A big kobold (D:12)
  A wyvern skeleton (D:10)
  3 scorpions (D:15)
  7 wights
  2 howler monkeys
  A bullfrog zombie (D:13)
  A centaur zombie (D:10)
  A bullfrog skeleton (D:11)
  A centaur skeleton (D:9)
  2 jellies
  2 hounds (D:8)
  9 orc wizards
  A gnoll shaman (D:9)
  4 orc priests
  Crazy Yiuf (D:7)
  2 worker ants (D:8)
  5 gnolls (Bailey)
  2 adders (D:9)
  An adder zombie (D:9)
  43 orcs
  4 goblins
  6 hobgoblins (Bailey)
  5 kobolds
  4 fungi (D:10)
  A plant (Lair:2)
  3 tentacles
370 creatures vanquished.

Vanquished Creatures (others)
  A snapping turtle (Shoals:1)
  2 nagas (Snake:3)
  3 orcs
  19 bushes (D:15)
  17 fungi
  38 plants
  11 tentacles
91 creatures vanquished.

Grand Total: 1421 creatures vanquished

Notes
Turn   | Place    | Note
-------+----------+-------------------------------------------
     0 | D:1      | russianmonk1111 the Merfolk Ice Elementalist began the
                  | quest for the Orb.
     0 | D:1      | Reached XP level 1. HP: 13/13 MP: 3/3
   253 | D:1      | Reached XP level 2. HP: 16/19 MP: 0/5
   352 | D:1      | Learned a level 2 spell: Throw Frost
   889 | D:1      | Reached XP level 3. HP: 24/24 MP: 6/6
   894 | D:1      | Learned a level 3 spell: Ozocubu's Armour
  1931 | D:2      | Found a faded altar of an unknown god.
  2155 | D:2      | Reached XP level 4. HP: 26/30 MP: 6/8
  2274 | D:2      | Found a shattered altar of Ashenzari.
  2274 | D:2      | Found a radiant altar of Vehumet.
  2274 | D:2      | Found a shadowy altar of Dithmenos.
  2347 | D:2      | Became a worshipper of Ashenzari the Shackled
  2445 | D:2      | Reached skill level 1 in Charms
  3132 | D:3      | Reached skill level 5 in Ice Magic
  3143 | D:3      | Reached XP level 5. HP: 31/35 MP: 5/9
  3464 | D:3      | Learned a level 4 spell: Summon Ice Beast
  4896 | D:3      | Reached skill level 1 in Summonings
  5391 | D:3      | Reached XP level 6. HP: 38/41 MP: 10/10
  5975 | D:4      | Found a staircase to the Ecumenical Temple.
  7064 | D:4      | Reached * piety under Ashenzari
  7299 | D:5      | Entered Level 5 of the Dungeon
  7399 | D:5      | Reached XP level 7. HP: 38/47 MP: 12/12
  7859 | D:5      | Reached skill level 1 in Fighting
  7931 | D:5      | Found Umifia's Magic Scroll Emporium.
  7940 | D:5      | Bought a scroll of identify for 22 gold pieces
  7940 | D:5      | Bought a scroll of identify for 22 gold pieces
  7940 | D:5      | Bought a scroll of identify for 22 gold pieces
  7947 | D:5      | Found Miuhu's Antique Armour Shoppe.
  8006 | D:5      | Found Zigenah's Antique Weapon Emporium.
  8761 | D:5      | Noticed Duvessa
  8761 | D:5      | Noticed Dowan
  8786 | D:5      | Killed Duvessa
  8786 | D:5      | Reached XP level 8. HP: 24/56 MP: 6/14
  8993 | D:5      | Learned a level 4 spell: Throw Icicle
  9066 | D:5      | Killed Dowan
  9396 | D:6      | Noticed Sigmund
  9708 | D:6      | Killed Sigmund
 10137 | D:6      | Reached skill level 5 in Summonings
 10491 | D:6      | Found Vokhil's Distillery.
 10500 | D:6      | Bought a potion of agility for 48 gold pieces
 10500 | D:6      | Bought a potion of brilliance for 48 gold pieces
 10872 | D:6      | Reached XP level 9. HP: 51/64 MP: 11/16
 11098 | D:6      | Reached skill level 5 in Spellcasting
 11370 | D:7      | Learned a level 2 spell: Ensorcelled Hibernation
 11471 | D:7      | Reached ** piety under Ashenzari
 12011 | D:7      | Found a runed door.
 12068 | D:7      | Noticed Crazy Yiuf
 12078 | D:7      | Killed Crazy Yiuf
 12309 | D:8      | Noticed a purple ugly thing
 12376 | D:8      | Found a flagged portal.
 12582 | D:8      | Killed a purple ugly thing
 12582 | D:8      | Reached skill level 5 in Dodging
 13118 | D:7      | Reached skill level 5 in Fighting
 13322 | D:8      | Reached skill level 10 in Ice Magic
 13575 | D:8      | Reached skill level 1 in Conjurations
 13955 | D:9      | Reached XP level 10. HP: 69/73 MP: 7/18
 14847 | D:9      | Found a burning altar of Makhleb.
 14974 | D:9      | Found a stormy altar of Qazlal.
 15236 | D:9      | Reached *** piety under Ashenzari
 15308 | D:9      | Found a sacrificial altar of Ru.
 15371 | D:10     | Entered Level 10 of the Dungeon
 15959 | D:10     | Found a staircase to the Lair.
 16152 | D:10     | Found a staircase to the Orcish Mines.
 16376 | D:11     | Noticed an ogre mage
 16376 | D:11     | Noticed a two-headed ogre
 16486 | Lair:1   | Entered Level 1 of the Lair of Beasts
 16872 | Lair:1   | Reached XP level 11. HP: 44/82 MP: 9/21
 17693 | Lair:1   | Reached skill level 1 in Armour
 18420 | Lair:1   | Reached skill level 1 in Polearms
 18904 | Lair:2   | Reached skill level 2 in Polearms
 19177 | Lair:2   | Reached **** piety under Ashenzari
 19206 | Lair:2   | Reached skill level 3 in Polearms
 19754 | Lair:2   | Reached skill level 4 in Polearms
 20482 | Lair:3   | Found a staircase to the Snake Pit.
 20623 | Lair:3   | Reached skill level 5 in Polearms
 20645 | Lair:3   | Noticed an eight-headed hydra
 20657 | Lair:3   | Killed an eight-headed hydra
 20771 | Lair:3   | Reached XP level 12. HP: 25/92 MP: 7/24
 20779 | Lair:3   | Reached skill level 6 in Polearms
 21425 | Lair:3   | Noticed a seven-headed hydra
 21434 | Lair:3   | Killed a seven-headed hydra
 21434 | Lair:3   | Reached skill level 7 in Polearms
 21586 | Lair:3   | Noticed a seven-headed hydra
 21614 | Lair:3   | Killed a seven-headed hydra
 22035 | Lair:3   | Noticed a five-headed hydra
 22042 | Lair:3   | Killed a five-headed hydra
 22063 | Lair:3   | Reached skill level 8 in Polearms
 22172 | Lair:3   | Noticed a six-headed hydra
 22178 | Lair:3   | Killed a six-headed hydra
 22920 | Lair:4   | Noticed an eight-headed hydra
 22932 | Lair:4   | Killed an eight-headed hydra
 22932 | Lair:4   | Reached skill level 9 in Polearms
 23794 | Lair:4   | Found a staircase to the Shoals.
 24636 | Lair:5   | Reached skill level 10 in Polearms
 25038 | Lair:6   | Entered Level 6 of the Lair of Beasts
 25038 | Lair:6   | Noticed an eight-headed hydra
 25122 | Lair:6   | Reached skill level 5 in Armour
 25423 | Lair:6   | Killed an eight-headed hydra
 25423 | Lair:6   | Reached XP level 13. HP: 102/102 MP: 12/25
 26016 | Lair:6   | Reached skill level 10 in Fighting
 26197 | Lair:6   | Learned a level 4 spell: Summon Lightning Spire
 26634 | Lair:6   | Reached ***** piety under Ashenzari
 26692 | Lair:6   | Paralysed by a hornet for 3 turns
 27107 | Lair:6   | Found a staircase to the Slime Pits.
 27155 | Lair:6   | Reached skill level 11 in Polearms
 28200 | Lair:6   | Found a runed door.
 28245 | Lair:6   | Paralysed by a hornet for 1 turns
 29000 | Lair:6   | Learned a level 2 spell: Blink
 29196 | Lair:6   | Noticed an ice dragon
 29843 | Orc:1    | Entered Level 1 of the Orcish Mines
 29843 | Orc:1    | Noticed a stone giant
 30207 | D:10     | Killed a stone giant
 30382 | Orc:1    | Reached skill level 1 in Translocations
 30404 | Orc:1    | Noticed an ettin
 30404 | Orc:1    | Noticed Nergalle
 30434 | Orc:1    | Killed an ettin
 30434 | Orc:1    | Reached skill level 12 in Polearms
 30788 | Orc:1    | Killed Nergalle
 31159 | Orc:1    | Paralysed by an orc sorcerer for 4 turns
 31459 | Orc:1    | Reached XP level 14. HP: 103/111 MP: 15/26
 32110 | Orc:2    | Entered Level 2 of the Orcish Mines
 32464 | Orc:2    | Found a roughly hewn altar of Beogh.
 32465 | Orc:2    | Found Rynypnogg's Magic Scroll Shop.
 32631 | Orc:2    | Found a roughly hewn altar of Beogh.
 32951 | Orc:2    | Found Ijuicer's Antique Armour Shoppe.
 33401 | Orc:2    | Found a staircase to the Elven Halls.
 33484 | Orc:1    | Reduced skill Stealth to level 1
 33590 | Orc:2    | Found a roughly hewn altar of Beogh.
 33642 | Orc:2    | Noticed an orc warlord
 34338 | Orc:1    | Killed an orc warlord
 35015 | Orc:2    | Found Deifeano's Antique Armour Emporium.
 35016 | Orc:2    | Found a roughly hewn altar of Beogh.
 35020 | Orc:2    | Found Carry's Antique Weapon Shoppe.
 35637 | D:11     | Found an iron altar of Okawaru.
 35637 | D:11     | Noticed an orc warlord
 37800 | D:11     | Got the uncursed robe of Doapnel {rC+ rN+ Dex+3}
 37811 | D:11     | Identified the +1 robe of Doapnel {rC+ rN+ Dex+3} (You
                  | found it on level 11 of the Dungeon)
 38680 | D:12     | Noticed Maurice
 38702 | D:12     | Killed Maurice
 38953 | D:13     | Found a flagged portal.
 38998 | Bailey   | Entered a bailey
 39413 | Bailey   | Noticed an orc warlord
 39441 | Bailey   | Killed an orc warlord
 39441 | Bailey   | Reached skill level 13 in Polearms
 39657 | Bailey   | Identified a scroll of acquirement
 39879 | D:13     | Noticed Sonja
 39880 | D:13     | Noticed Sonja
 39880 | D:13     | Sonja changed into Sonja the blink frog
 39910 | D:13     | Killed Sonja the blink frog
 40505 | D:14     | Noticed an ironheart preserver
 40533 | D:14     | Killed an ironheart preserver
 40612 | D:14     | Found a gate to the Vaults.
 40876 | D:14     | Reached XP level 15. HP: 94/120 MP: 18/27
 40877 | D:14     | Paralysed by a hornet for 3 turns
 40878 | D:14     | Reached skill level 14 in Polearms
 41258 | D:14     | Found a glowing golden altar of the Shining One.
 41848 | D:15     | Entered Level 15 of the Dungeon
 42317 | D:15     | Reached skill level 10 in Armour
 42739 | D:15     | Found a staircase to the Depths.
 42945 | D:15     | Reached XP level 16. HP: 129/129 MP: 28/28
 42949 | D:15     | Got the cursed bardiche of the Middle {chop, rF+ Int+2
                  | Dex-2}
 42950 | D:15     | Identified the cursed +12 bardiche of the Middle {chop, rF+
                  | Int+2 Dex-2} (You acquired it on level 15 of the Dungeon)
 43220 | D:15     | Noticed Josephine
 43227 | D:15     | Killed Josephine
 43865 | D:15     | Upgraded the game from 0.23-a0-702-gd214142 to
                  | 0.23-a0-703-gdf2d5e0
 44133 | Shoals:1 | Entered Level 1 of the Shoals
 44737 | Shoals:1 | Identified the cursed +0 pair of gloves of Wyillal {rF- rC+
                  | MR+ Int+4 SInv}
 44737 | Shoals:1 | Noticed Nikola
 44909 | Shoals:1 | Killed Nikola
 44909 | Shoals:1 | Reached skill level 15 in Polearms
 45608 | Shoals:2 | Noticed Ilsuiw
 45836 | Shoals:2 | Reached skill level 16 in Polearms
 45846 | Shoals:2 | Reached XP level 17. HP: 34/137 MP: 21/29
 46082 | Shoals:2 | Found Vecil's Assorted Antiques.
 46096 | Shoals:2 | Bought a scroll of enchant armour for 157 gold pieces
 46096 | Shoals:2 | Bought 2 red potions for 37 gold pieces
 46096 | Shoals:2 | Bought a scroll of blinking for 157 gold pieces
 46114 | Shoals:2 | Noticed a kraken
 46134 | Shoals:2 | Killed a kraken
 46492 | Shoals:2 | Killed Ilsuiw
 46759 | Shoals:2 | Reached skill level 17 in Polearms
 47764 | Shoals:3 | Found a runed door.
 47893 | Shoals:3 | Noticed a kraken
 47905 | Shoals:3 | Killed a kraken
 48004 | Shoals:3 | Reached skill level 18 in Polearms
 48523 | Shoals:4 | Entered Level 4 of the Shoals
 49186 | Shoals:4 | Identified the cursed +2 long sword "Olimmo" {freeze, +Inv
                  | Str+5 Stlth+}
 49194 | Shoals:4 | Reached skill level 19 in Polearms
 49823 | Shoals:4 | Reached skill level 15 in Fighting
 50017 | Shoals:4 | Reached skill level 20 in Polearms
 50017 | Shoals:4 | Reached XP level 18. HP: 141/149 MP: 22/30
 50063 | Shoals:4 | Reached ****** piety under Ashenzari
 50349 | Shoals:4 | Noticed Polyphemus
 50752 | Shoals:3 | Killed Polyphemus
 51450 | Shoals:4 | Got a barnacled rune of Zot
 51725 | Snake:1  | Entered Level 1 of the Snake Pit
 51747 | Snake:1  | Reached skill level 21 in Polearms
 52018 | Snake:1  | Found Plog's Antique Armour Shop.
 52575 | Snake:1  | Found Garef's General Store.
 52606 | Snake:1  | Bought a scroll of enchant armour for 97 gold pieces
 52606 | Snake:1  | Bought 2 potions of heal wounds for 130 gold pieces
 52696 | Snake:1  | Found Wely's Gadget Boutique.
 53147 | Snake:2  | Found a frozen archway.
 53248 | IceCv    | Entered an ice cave
 54349 | Snake:2  | Noticed andersonhn's ghost (journeyman DsBe)
 54421 | Snake:2  | Found a transporter.
 54426 | Snake:2  | Identified the +4 pair of gloves of Pyzuamol {Regen+}
 54526 | Snake:2  | Found a transporter.
 54644 | Snake:2  | Found Abomag's Antique Armour Emporium.
 56128 | Snake:3  | Reached XP level 19. HP: 144/163 MP: 31/31
 56169 | Snake:4  | Entered Level 4 of the Snake Pit
 58084 | Snake:4  | Reached skill level 10 in Spellcasting
 58190 | Snake:4  | Reached skill level 10 in Dodging
 58580 | Snake:4  | Got a serpentine rune of Zot
 58874 | Elf:1    | Entered Level 1 of the Elven Halls
 58960 | Elf:1    | HP: 3/166 [deep elf knight/shard of ice (14)]
 58961 | Elf:1    | Slain by a deep elf knight

Vault maps used:
D:1:      dpeg_chamrin_arrival_tetris
D:2:      chequers_temple_overflow_statue_of_worship,
          chequers_ecumenical_altar_simple
D:3:      first_ration, minmay_rat_hole
D:4:      minmay_temple_entry_waves
D:5:      serial_shops, shop_scrolls, nicolae_shop_waterfront, kennysheep_mini,
          serial_bayou_pond_c, wad_floor_pattern_2, uniq_duvessa
D:6:      cheibrodos_barr_body, serial_shops, shop, uniq_sigmund
D:7:      uniq_crazy_yiuf_cottage
D:8:      enter_bailey_3
D:9:      nicolae_ru_path_of_blood, grunt_temple_overflow_open
D:10:     grunt_lair_entry_orc_guard_hut, hiddenorc1_lemuel, grunt_pizzeria
D:11:     evilmike_iron_armoury
D:12:     uniq_maurice
D:13:     enter_bailey_6, uniq_sonja
D:14:     skrybe_vaults_entry_preservation, nicolae_tso_carved_into_rock
D:15:     grunt_enter_depths_snipers, serial_park_square1,
          einodemon_barbed_minivault, uniq_josephine
Lair:1:   beast_lair_carwin_7
Lair:3:   dummy_snake_entry, grunt_forest_large_clearings, grunt_megastairs_1
Lair:4:   minmay_shoals_entry_lonely_mermaid, lemuel_fruit_fields,
          grunt_megastairs_4
Lair:5:   grunt_forest_small_clearings, chequers_serial_rivers_small_b,
          lemuel_fruit_tree
Lair:6:   hangedman_lair_tendril_chambers, wormcave, dpeg_slime_entry_corner
Shoals:1: uniq_nikola
Shoals:2: serial_shops, nicolae_shop_window_shopping, uniq_ilsuiw
Shoals:3: lightli_airlock
Shoals:4: shoals_end_simple, shoals_ilsuiw_alternative, uniq_polyphemus
Snake:1:  serial_shops, shop_statue,
          nicolae_shop_temple_entry_statues_fountains,
          nicolae_shop_temple_entry_statues_fountains, serial_bayou_shore_a
Snake:2:  portal_ice_cave_entry_ice_statue_two,
          gammafunk_ghost_berserking_beasts, serial_shops,
          nicolae_shop_behind_doors
Snake:4:  snake_pit_salamanders_mu, st_stairs_14
Orc:1:    uniq_nergalle
Orc:2:    grunt_orc_community_town_hall, grunt_orc_community_big_house_2,
          grunt_orc_community_big_house_1, grunt_orc_community_house_2,
          grunt_orc_community_house_1, grunt_orc_community_house_1,
          grunt_orc_community_house_3, mines4_lemuel
Elf:1:    minmay_elf_arrival_plus, serial_shops, shop_coins,
          hangedman_elven_crosses_minicolossus, hangedman_research_toxicology,
          uniq_agnes
Bailey:   bailey_axe_minmay_hex_keep, bailey
IceCv:    ice_cave_statue_garden_chambered

Skill      XL: |  1  2  3  4  5  6  7  8  9 10 11 12 13 14 15 16 17 18 19 |
---------------+----------------------------------------------------------+-----
Ice Magic      | 4 5 6 7 8 10 11 12 13 | 13.1
Charms         | 1 2 0 |  0.0
Spellcasting   | 3 4 5 7 8 10 | 10.0
Summonings     | 1 2 4 5 6 7 |  7.2
Fighting       | 2 3 5 6 8 9 10 12 13 15 17 19 | 19.1
Dodging        | 3 6 8 9 10 | 10.9
Conjurations   | 1 3 4 |  4.5
Armour         | 2 5 7 9 10 | 10.7
Polearms       | 5 10 12 13 14 16 20 21 | 21.4
Translocations | 2 3 |  3.0
Stealth        | 0 |  0.0
Air Magic      | 3 4 |  4.1

Action                   |  1- 3 |  4- 6 |  7- 9 | 10-12 | 13-15 | 16-18 | 19-21 || total
-------------------------+-------+-------+-------+-------+-------+-------+-------++-------
Melee: Dagger            |    50 |    76 |       |       |       |       |       ||   126
       Unarmed           |     2 |       |       |       |       |       |       ||     2
       Whip              |       |    42 |    83 |   582 |    53 |       |       ||   760
       Short sword       |       |    41 |   119 |     5 |       |       |       ||   165
       Trident           |       |       |       |       |  1729 |       |       ||  1729
       Bardiche          |       |       |       |       |       |  1252 |   399 ||  1651
       Tailslap          |       |       |       |       |       |     9 |       ||     9
Throw: Stone             |       |    11 |     6 |       |       |       |       ||    17
       Tomahawk          |       |       |       |       |     3 |       |       ||     3
 Cast: Freeze            |    50 |   108 |   138 |   101 |    84 |       |       ||   481
       Throw Frost       |       |    18 |    42 |    37 |     2 |       |       ||    99
       Ozocubu's Armour  |       |     1 |     9 |     2 |     7 |       |       ||    19
       Summon Ice Beast  |       |       |    15 |   146 |   269 |   170 |    18 ||   618
       Ensorcelled Hiber |       |       |       |     1 |       |       |       ||     1
       Throw Icicle      |       |       |       |     3 |    19 |    42 |    14 ||    78
       Blink             |       |       |       |       |     2 |     1 |     3 ||     6
       Summon Lightning  |       |       |       |       |     8 |       |    28 ||    36
Invok: Curse Item        |       |       |     3 |     1 |     2 |     1 |       ||     7
       Transfer Knowledg |       |       |       |       |     1 |     1 |       ||     2
Evoke: Wand              |       |       |       |    14 |    14 |     4 |       ||    32
  Use: Scroll            |       |     7 |    15 |     4 |     7 |    22 |     1 ||    56
       Potion            |       |     1 |     1 |     6 |     3 |     6 |     1 ||    18
 Stab: Sleeping          |     2 |    11 |     3 |     7 |     2 |       |       ||    25
       Distracted        |       |       |       |     4 |    19 |    15 |     9 ||    47
       Invisible         |       |       |       |       |       |     1 |       ||     1
  Eat: Chunk             |     4 |    15 |    20 |    40 |    78 |    44 |     9 ||   210
       Ration            |       |     1 |     2 |     4 |     3 |     4 |       ||    14
Armor: Robe              |    14 |    11 |       |       |   271 |       |       ||   296
       Skin              |       |     8 |       |    12 |       |       |       ||    20
       Leather armour    |       |    39 |   148 |   253 |   101 |       |       ||   541
       Fire dragon scale |       |       |       |       |    34 |   858 |   212 ||  1104
Dodge: Dodged            |    68 |   164 |   243 |   730 |  1317 |   777 |   152 ||  3451

Table legend:
 A = Non-vault XP
 B = Vault XP
 C = Vault XP percentage of total XP
 D = Non-vault monster count
 E = Vault monster count
 F = Vault count percentage of total count
                 A         B        C        D         E       F
            +---------+---------+-------+---------+---------+-------
      Total |  199846 |  143761 |  41.8 |     832 |     490 |  37.1
            +---------+---------+-------+---------+---------+-------
        D:1 |      56 |       0 |   0.0 |      27 |       0 |   0.0
        D:2 |      69 |       0 |   0.0 |      19 |       0 |   0.0
        D:3 |     257 |      20 |   7.2 |      36 |      19 |  34.5
        D:4 |     207 |       0 |   0.0 |      28 |       0 |   0.0
        D:5 |     487 |     224 |  31.5 |      25 |       2 |   7.4
        D:6 |     543 |     786 |  59.1 |      15 |      12 |  44.4
        D:7 |     502 |      20 |   3.8 |       8 |       1 |  11.1
        D:8 |    1441 |       7 |   0.5 |      23 |       4 |  14.8
        D:9 |    1510 |       0 |   0.0 |      32 |       0 |   0.0
       D:10 |    3354 |     671 |  16.7 |      34 |      23 |  40.4
       D:11 |    5334 |    3376 |  38.8 |      35 |      14 |  28.6
       D:12 |     426 |     439 |  50.8 |      10 |       1 |   9.1
       D:13 |    3598 |     259 |   6.7 |      21 |       1 |   4.5
       D:14 |    6991 |    4859 |  41.0 |      40 |      10 |  20.0
       D:15 |   18096 |    7888 |  30.4 |      50 |      23 |  31.5
     Lair:1 |    3134 |     984 |  23.9 |      21 |       6 |  22.2
     Lair:2 |    3186 |       0 |   0.0 |      16 |       0 |   0.0
     Lair:3 |    6075 |    2661 |  30.5 |      25 |      27 |  51.9
     Lair:4 |    2572 |     756 |  22.7 |      14 |       2 |  12.5
     Lair:5 |    2093 |     674 |  24.4 |      14 |       5 |  26.3
     Lair:6 |    8244 |   10670 |  56.4 |      36 |      46 |  56.1
   Shoals:1 |    4612 |    4156 |  47.4 |      15 |       1 |   6.2
   Shoals:2 |   17433 |    3067 |  15.0 |      34 |       4 |  10.5
   Shoals:3 |   19181 |    2990 |  13.5 |      38 |       2 |   5.0
   Shoals:4 |   17173 |   28673 |  62.5 |      39 |      44 |  53.0
    Snake:1 |   18260 |       0 |   0.0 |      39 |       0 |   0.0
    Snake:2 |   13668 |     913 |   6.3 |      28 |       2 |   6.7
    Snake:3 |   15274 |       0 |   0.0 |      33 |       0 |   0.0
    Snake:4 |   15645 |   50494 |  76.3 |      30 |      75 |  71.4
      Orc:1 |    3732 |    3087 |  45.3 |      21 |       8 |  27.6
      Orc:2 |    1792 |    3447 |  65.8 |      16 |      63 |  79.7
      Elf:1 |    4901 |    2201 |  31.0 |      10 |       4 |  28.6
     Bailey |       0 |    2989 | 100.0 |       0 |      69 | 100.0
      IceCv |       0 |    7450 | 100.0 |       0 |      22 | 100.0
            +---------+---------+-------+---------+---------+-------
